 Dungeon Crawl Stone Soup version 0.25.1-2-g60ff931df9 (webtiles) character file.

Game seed: 12117555248929072987

259 Ivernyr the Conjurer (level 5, -4/42 HPs)
             Began as a Draconian Conjurer on Oct 14, 2020.
             Killed from afar by an orc (15 damage)
             ... with a bolt of acid
             ... on level 4 of the Dungeon.
             The game lasted 00:10:51 (4050 turns).

Ivernyr the Conjurer (Draconian Conjurer)           Turns: 4050, Time: 00:10:52

Health: -4/42      AC:  6    Str: 10    XL:     5   Next: 94%
Magic:  6/9        EV: 13    Int: 17    God:
Gold:   108        SH:  0    Dex: 11    Spells: 7/10 levels left

rFire    . . .     SeeInvis .   r - +0 whip
rCold    . . .     Gourm    .   (no shield)
rNeg     . . .     Faith    .   (armour unavailable)
rPois    .         Spirit   .   (helmet restricted)
rElec    .         Reflect  .   k - +0 cloak
rCorr    .         Harm     .   (no gloves)
MR       .....                  (no boots)
Stlth    ++........             (no amulet)
HPRegen  0.14/turn              (no ring)
MPRegen  0.11/turn              (no ring)

@: no status effects
A: unfitting armour, cold-blooded, AC +5
a: no special abilities


You were on level 4 of the Dungeon.
You were not hungry.

You visited 1 branch of the dungeon, and saw 4 of its levels.

You collected 108 gold pieces.

Inventory:

Hand Weapons
 r - a +0 whip (weapon)
Armour
 k - a +0 cloak (worn)
Scrolls
 c - 2 scrolls of remove curse {unknown}
 d - 4 scrolls of teleportation {unknown}
 e - a scroll of blinking {unknown}
 f - 2 scrolls of amnesia {unknown}
 g - a scroll of random uselessness {unknown}
 h - 5 scrolls of identify {unknown}
 l - a scroll of enchant weapon {unknown}
 n - a scroll of fog {unknown}
 s - a scroll of noise {unknown}
Potions
 a - a potion of might {unknown}
 i - a potion of mutation {unknown}
 j - a potion of flight {unknown}
 m - 2 potions of curing {unknown}
 p - a potion of brilliance {unknown}
 q - a potion of degeneration {unknown}
Comestibles
 b - 5 rations
 o - 7 chunks of flesh


   Skills:
 + Level 2.5 Fighting
 + Level 3.0 Dodging
 - Level 1.7 Stealth
 + Level 3.1 Spellcasting
 * Level 5.5 Conjurations


You had 7 spell levels left.
You knew the following spells:

 Your Spells              Type           Power        Failure   Level  Hunger
a - Magic Dart            Conj           ###.         1%          1    None
b - Searing Ray           Conj           ###...       2%          2    ##.....

Your spell library contained the following spells:

 Spells                   Type           Power        Failure   Level  Hunger
 Dazzling Flash           Conj/Hex       ##....       17%         3    ###....
 Fulminant Prism          Conj/Hex       ##........   50%         4    ####...
 Iskenderun's Mystic Bla  Conj/Tloc      ##......     50%         4    ####...


Dungeon Overview and Level Annotations

Branches:
Dungeon (4/15)
 Temple: D:4-7

Altars:
Makhleb
Xom

Shops:
D:4 *


Innate Abilities, Weirdness & Mutations

Your plain brown scales are hard. (AC +5)
You cannot fit into any form of body armour.
You are cold-blooded and may be slowed by cold attacks.


Message History

You barely miss the orc.
The orc is lightly wounded.
The orc barely misses you.
The orc zaps a wand.
The bolt of acid misses you.
You barely miss the orc.
The orc is lightly wounded.
The orc hits you with a +0 club.
The orc zaps a wand.
The bolt of acid hits you!
You are splashed with acid!
* * * LOW HITPOINT WARNING * * *
Unknown command.
The orc hits you but does no damage.
The orc zaps a wand.
The bolt of acid hits the orc.
The orc is splashed with acid.
The acid corrodes the orc!
The orc dies!
The bolt of acid misses you.
There is a stone staircase leading up here.
The orc zaps a wand.
The bolt of acid hits the orc!
The orc is splashed with acid.
The orc dies!
The bolt of acid hits you!
You die...

...#....#...# .
.....♣∩♣..# .##
#..))...# ...#
..#...♣..## #....
#........####....#
..#.....o#.#..#...
...#..............
.. #..............
..........@#$.#...
......#.......#
..#.#.##....(.#
###.#. #........ .
.. ..###......
...# ...... ....
...... ....#
......


You could see an orc.

Vanquished Creatures
  A crimson imp (D:3)
  A hound (D:3)
  Terence (D:3)
  4 adders
  4 gnolls (D:3)
  2 worms
  2 dart slugs
  4 leopard geckos
  4 orcs
  7 giant cockroaches
  7 goblins
  6 hobgoblins
  11 jackals
  8 kobolds
  3 quokkas
  7 bats
  3 frilled lizards
  6 rats
81 creatures vanquished.

Vanquished Creatures (others)
  2 orcs (D:4)
2 creatures vanquished.

Grand Total: 83 creatures vanquished

Notes
Turn   | Place    | Note
-------+----------+-------------------------------------------
     0 | D:1      | Ivernyr the Draconian Conjurer began the quest for the Orb.
     0 | D:1      | Reached XP level 1. HP: 14/14 MP: 3/3
   178 | D:1      | Reached XP level 2. HP: 7/22 MP: 0/5
   686 | D:1      | Learned a level 2 spell: Searing Ray
   919 | D:1      | Reached skill level 1 in Fighting
  1080 | D:1      | Reached XP level 3. HP: 28/28 MP: 3/6
  1568 | D:2      | Found a shimmering altar of Xom.
  2257 | D:2      | Reached XP level 4. HP: 29/35 MP: 2/7
  3277 | D:3      | Noticed Terence
  3306 | D:3      | Killed Terence
  3306 | D:3      | Reached skill level 5 in Conjurations
  3306 | D:3      | Reached XP level 5. HP: 11/41 MP: 1/9
  3896 | D:3      | Found a burning altar of Makhleb.
  4030 | D:4      | Found Olauka's General Store.
  4050 | D:4      | Killed from afar by an orc

Illustrated notes

Levels and vault maps discovered:
D:1:      heliophobic_arrival_glass_houses, layout_basic, skrybe_limestone_x,
          serial_bayou_ford_a, minmay_misc_feat_enclosed, serial_bayou_lake_a
D:2:      layout_basic, overflow_temple_1_default,
          chequers_serial_rivers_small_b
D:3:      layout_basic, makhleb_blood_cavern_becter, uniq_terence
D:4:      layout_cave_pools, minmay_temple_entry_drinking_statues, serial_shops,
          nicolae_shop_trees

Skill      XL: |  1  2  3  4  5 |
---------------+----------------+-----
Dodging        | 2 3 |  3.0
Fighting       | 1 2 |  2.5
Conjurations   | 5 |  5.5
Spellcasting   | 3 |  3.1
Stealth        | |  1.7

Action                   |  1- 3 |  4- 6 || total
-------------------------+-------+-------++-------
Melee: Unarmed           |    48 |     9 ||    57
       Tailslap          |     8 |     7 ||    15
       Whip              |       |    45 ||    45
 Cast: Magic Dart        |    92 |    56 ||   148
       Searing Ray       |       |    10 ||    10
 Stab: Sleeping          |       |     1 ||     1
  Eat: Chunk             |     5 |     7 ||    12
Armor: Skin              |    14 |    23 ||    37
Dodge: Dodged            |    35 |    54 ||    89
